 Dungeon Crawl Stone Soup version 0.26-a0-708-g17f3b190f9 (console) character file.

Game seed: 2562727154756495491

529 om the Chopper (level 7, 0/61 HPs)
             Began as a Minotaur Fighter on Oct 29, 2020.
             Killed from afar by a white imp (12 damage)
             ... with a puff of frost
             ... summoned by Natasha
             ... on level 3 of the Dungeon.
             The game lasted 00:05:17 (4045 turns).

om the Chopper (Minotaur Fighter)                   Turns: 4045, Time: 00:05:18

Health: 0/61       AC:  8    Str: 23    XL:     7   Next: 3%
Magic:  6/6        EV:  8    Int:  5    God:
Gold:   199        SH: 10    Dex:  9    Spells: 6/6 levels left

rFire    + . .     SeeInvis .   a - +0 war axe
rCold    x . .     Faith    .   c - +0 kite shield
rNeg     . . .     Spirit   .   y - +0 ring mail (curse)
rPois    .         Reflect  .   (helmet restricted)
rElec    .         Harm     .   f - +0 cloak
rCorr    .         Rampage  .   j - +0 pair of gloves
MR       .....                  (no boots)
Stlth    ..........             w - amulet of regeneration
HPRegen  0.60/turn              t - ring of fire
MPRegen  0.10/turn              (no ring)

@: no status effects
A: retaliatory headbutt, horns 2
a: no special abilities


You were on level 3 of the Dungeon.
You visited 1 branch of the dungeon, and saw 3 of its levels.

You collected 199 gold pieces.

Inventory:

Hand Weapons
 a - a +0 war axe (weapon)
Armour
 c - a +0 kite shield (worn)
 f - a +0 cloak (worn)
 j - a +0 pair of gloves (worn)
 v - a +0 chain mail
 y - a cursed +0 ring mail (worn)
Jewellery
 q - an uncursed amulet of guardian spirit
 t - a ring of fire (left hand)
 w - an amulet of regeneration (around neck)
Wands
 o - a wand of flame (20)
 u - a wand of polymorph (3)
Scrolls
 b - a scroll of enchant weapon {unknown}
 e - 3 scrolls of amnesia
 i - a scroll of enchant armour
 k - a scroll of remove curse {unknown}
 m - a scroll of teleportation {unknown}
Potions
 d - a potion of might
 g - a potion of lignification
 l - a potion of brilliance
 n - a potion of curing
 p - 2 potions of heal wounds
 r - a potion of stabbing {unknown}
 s - a potion of flight {unknown}
 x - a potion of mutation {unknown}


   Skills:
 - Level 5.0 Fighting
 * Level 6.2 Axes
 + Level 5.3 Armour
 + Level 5.5 Shields


You had 6 spell levels left.
You didn't know any spells.
Your spell library was empty.

Dungeon Overview and Level Annotations

Branches:
Dungeon (3/15)

Altars:
Elyvilon
Fedhas
Kikubaaqudgha
Makhleb
Nemelex Xobeh

Annotations:
D:3 Natasha


Innate Abilities, Weirdness & Mutations

You reflexively headbutt those who attack you in melee.
You have a pair of horns on your head.


Message History

You block Natasha's attack.
You slash Natasha!
Natasha is severely wounded.
You barely miss the white imp. The white imp gestures at you.
The puff of frost hits you!
You feel a terrible chill! You block Natasha's attack.
You are too injured to fight recklessly!
You barely miss Natasha.
Natasha is severely wounded.
You hit the white imp. The white imp gestures at you.
The puff of frost hits you!!
You feel a terrible chill!
* * * LOW HITPOINT WARNING * * *
You block Natasha's attack.
You hit Natasha.
Natasha is severely wounded.
You closely miss the white imp. You block the white imp's attack.
Natasha claws you but does no damage. The white imp gestures at you.
The puff of frost hits you!
You feel a terrible chill!
You die...

######### ##### #.......# ....#
#.......# ....######.......#
....'.......>....#
....##.###.....5.################
....#..........h@'...............
[...##..##.......################
..(.##..####'####<############ #
....##..[###..(..).........[.# #
....##.#........)....#######.# #
....##.#.............# #..####
...............##.##.# #......
.......##......##.##.######..####
........+......+...#.#...<...#
........#......#####.######.###
........##.#+### #....(.....#


You could see Natasha and a white imp (summoned).

Vanquished Creatures
  Sigmund (D:2)
  A bullfrog (D:3)
  An orc priest (D:3)
  A hound (D:2)
  Ijyb (D:3)
  Jessica (D:2)
  Natasha (D:3)
  Robin (D:2)
  4 gnolls
  4 adders
  A worm (D:2)
  3 dart slugs
  5 orcs (D:3)
  2 ball pythons (D:1)
  4 giant cockroaches
  15 goblins
  10 hobgoblins
  4 jackals (D:3)
  2 quokkas (D:3)
  8 bats
  5 frilled lizards
  9 kobolds
  7 rats
91 creatures vanquished.

Notes
Turn   | Place    | Note
-------+----------+-------------------------------------------
     0 | D:1      | om the Minotaur Fighter began the quest for the Orb.
     0 | D:1      | Reached XP level 1. HP: 19/19 MP: 0/0
   413 | D:1      | Reached XP level 2. HP: 27/27 MP: 1/1
   435 | D:1      | Reached skill level 3 in Axes
   753 | D:1      | Reached XP level 3. HP: 15/33 MP: 2/2
  1026 | D:2      | Found a blossoming altar of Fedhas.
  1097 | D:2      | Found a white marble altar of Elyvilon.
  1102 | D:2      | Found a sparkling altar of Nemelex Xobeh.
  1107 | D:2      | Found an ancient bone altar of Kikubaaqudgha.
  1295 | D:2      | Noticed Sigmund
  1301 | D:2      | Killed Sigmund
  1301 | D:2      | Reached skill level 4 in Axes
  1301 | D:2      | Reached XP level 4. HP: 23/41 MP: 3/3
  1301 | D:2      | Reached XP level 5. HP: 27/47 MP: 4/4
  1594 | D:2      | Noticed Robin
  1610 | D:2      | Killed Robin
  1612 | D:2      | Reached skill level 5 in Axes
  1804 | D:2      | Noticed Jessica
  1811 | D:2      | Killed Jessica
  1811 | D:2      | Reached skill level 5 in Shields
  1811 | D:2      | Reached XP level 6. HP: 51/55 MP: 5/5
  1951 | D:2      | Found a burning altar of Makhleb.
  2143 | D:2      | Found a faded altar of an unknown god.
  3458 | D:3      | Noticed Ijyb
  3478 | D:3      | Killed Ijyb
  3478 | D:3      | Reached skill level 5 in Fighting
  3530 | D:3      | Reached skill level 5 in Armour
  3592 | D:3      | Reached skill level 6 in Axes
  3621 | D:3      | Noticed Natasha
  3639 | D:3      | Killed Natasha
  3639 | D:3      | Reached XP level 7. HP: 18/61 MP: 6/6
  4030 | D:3      | Noticed Natasha
  4045 | D:3      | Killed from afar by a white imp

Illustrated notes

Levels and vault maps discovered:
D:1:      dpeg_arrival_tiny_a, layout_loops_corners, minmay_3d_cube
D:2:      layout_basic, fedhas_ov_isle_minmay, makhleb_heckhound_becter,
          minmay_overflow_temple_star_quad, chequers_ecumenical_altar_twisty,
          lemuel_flame_loot_1, uniq_robin, uniq_sigmund, uniq_jessica
D:3:      layout_basic, uniq_ijyb, uniq_natasha

Skill      XL: |  1  2  3  4  5  6 |
---------------+-------------------+-----
Axes           | 3 4 5 6 |  6.2
Shields        | 4 5 |  5.5
Fighting       | 4 5 |  5.0
Armour         | 4 5 |  5.3

Action                   |  1- 3 |  4- 6 |  7- 9 || total
-------------------------+-------+-------+-------++-------
Melee: War axe           |    70 |   119 |    23 ||   212
       Headbutt          |    12 |    16 |     2 ||    30
  Use: Potion            |     1 |     2 |       ||     3
       Scroll            |       |       |     4 ||     4
Armor: Scale mail        |    27 |    27 |       ||    54
       Chain mail        |       |    46 |     5 ||    51
       Skin              |       |    10 |       ||    10
       Ring mail         |       |       |     3 ||     3
Dodge: Dodged            |    24 |    48 |     4 ||    76
Block: Kite shield       |    19 |   106 |    18 ||   143

Table legend: (Time is in decaauts)
 A = Elapsed time spent in this place.
 B = Non-inter-level travel time spent in this place.
 C = Inter-level travel time spent in this place.
 D = Time resting spent in this place.
 E = Time spent auto-exploring this place.
 F = Levels seen in this place.
 G = Mean time per level.
                   A        B        C        D        E       F      G
               +--------+--------+--------+--------+--------+-----+--------+
         Total |   4117 |   3993 |    124 |    993 |   2386 |   3 | 1372.3 |
       Dungeon |   4117 |   3993 |    124 |    993 |   2386 |   3 | 1372.3 |
               +--------+--------+--------+--------+--------+-----+--------+

Top non-repeatable levels by time:
     D:2: 2304 daAuts
     D:1: 1013 daAuts
     D:3: 799 daAuts
